 Dungeon Crawl Stone Soup version 0.25.0-10-g039870ee82 (webtiles) character file.

Game seed: 9506787095547947295

3283 MisterFreud the Cleaver (level 10, -1/70 HPs)
             Began as a Formicid Fighter on June 22, 2020.
             Was a Priest of Okawaru.
             Slain by an orc warrior
             ... wielding a cursed -2 trident
              (12 damage)
             ... on level 9 of the Dungeon.
             The game lasted 00:25:37 (4879 turns).

MisterFreud the Cleaver (Formicid Fighter)          Turns: 4879, Time: 00:25:39

Health: -1/70      AC:  8    Str: 24    XL:     10   Next: 20%
Magic:  13/13      EV:  8    Int:  8    God:    Okawaru [***...]
Gold:   282        SH:  9    Dex: 10    Spells: 9/9 levels left

rFire    . . .     SeeInvis +   a - +0 war axe
rCold    . . .     Gourm    .   c - +0 kite shield
rNeg     . . .     Faith    .   C - +0 scale mail {rPois}
rPois    +         Spirit   .   (helmet unavailable)
rElec    .         Reflect  .   (no cloak)
rCorr    .         Harm     .   (no gloves)
MR       +....                  n - +0 pair of boots
Stlth    ..........             A - amulet of regeneration
HPRegen  0.61/turn              (no ring)
MPRegen  0.13/turn              (no ring)

@: lethally poisoned (-1 -> -1)
A: permanent stasis, dig shafts and tunnels, four strong arms, antennae 3
a: Dig, Shaft Self, Heroism, Renounce Religion


You were on level 9 of the Dungeon.
You worshipped Okawaru.
Okawaru was most pleased with you.
You were hungry.

You visited 1 branch of the dungeon, and saw 9 of its levels.
You also visited: Sewer and Ossuary.

You collected 552 gold pieces.
You spent 270 gold pieces at shops.

Inventory:

Hand Weapons
 a - a +0 war axe (weapon)
Armour
 c - a +0 kite shield (worn)
 n - a +0 pair of boots (worn)
 C - a +0 scale mail of poison resistance (worn)
Jewellery
 e - an uncursed amulet of the acrobat
 A - an amulet of regeneration (around neck)
Wands
 b - a wand of random effects (26)
 D - a wand of flame (22)
Scrolls
 h - 5 scrolls of remove curse {unknown}
 j - 3 scrolls of magic mapping {unknown}
 l - 6 scrolls of teleportation {unknown}
 p - a scroll of blinking {unknown}
 q - 3 scrolls of enchant armour {unknown}
 t - 3 scrolls of fog
 u - a scroll of noise {unknown}
 v - 4 scrolls of random uselessness {unknown}
 w - a scroll of fear
 x - 3 scrolls of enchant weapon
 y - a scroll of immolation {unknown}
Potions
 d - 2 potions of flight
 g - 8 potions of curing
 i - 4 potions of magic
 k - 3 potions of brilliance
 m - 2 potions of heal wounds
 o - 2 potions of stabbing
 r - 2 potions of resistance
 s - 2 potions of might
 z - a potion of berserk rage {unknown}
 B - a potion of cancellation {unknown}
Comestibles
 f - 13 rations
 E - 2 chunks of flesh


   Skills:
 - Level 3.2 Fighting
 + Level 13.0 Axes
 - Level 3.2 Armour
 - Level 3.6 Shields
 - Level 4.0 Invocations


You had 9 spell levels left.
You didn't know any spells.
Your spell library contained the following spells:

 Spells                   Type           Power        Failure   Level  Hunger
 Infusion                 Chrm           #...         98%         1    ##.....
 Magic Dart               Conj           #...         98%         1    ##.....
 Call Imp                 Summ           #.......     99%         2    ###....
 Shroud of Golubria       Chrm/Tloc      #.....       99%         2    ###....
 Slow                     Hex            #.......     99%         2    ###....
 Song of Slaying          Chrm           #.......     99%         2    ###....
 Conjure Flame            Conj/Fire      #.......     100%        3    ####...
 Mephitic Cloud           Conj/Pois/Air  #.......     100%        3    ####...
 Ozocubu's Armour         Chrm/Ice       #.......     100%        3    ####...
 Spectral Weapon          Hex/Chrm       #.......     100%        3    ####...
 Blink                    Tloc           Unusable     N/A         2    N/A

Dungeon Overview and Level Annotations

Branches:
Dungeon (9/15)             Temple (0/1) D:5           Sewer (visited)
Ossuary (visited)
   Lair: D:8-11         Orc: D:9-12

Altars:
Cheibriados
Fedhas
Makhleb
Okawaru
Qazlal
Ru
Trog
Uskayaw
Yredelemnul
The Shining One

Shops:
D:6 ?

Annotations:
D:6 3 runed translucent doors, MajorAdolf's ghost, novice NaWn; protoss039's ghost, novice DEEE


Innate Abilities, Weirdness & Mutations

You cannot be hasted, slowed, berserked, paralysed or teleported.
You can dig through walls and to a lower floor.
Your four strong arms can wield two-handed weapons with a shield.
You have a pair of large antennae on your head. (SInv)


Message History

You closely miss the orc warrior.
The orc warrior is almost dead.
You hit the worker ant.
You feel sick.
The orc warrior hits you with a cursed -2 trident!!
* * * LOW HITPOINT WARNING * * *
The worker ant bites you but does no damage.
You hit the orc warrior.
The orc warrior is almost dead.
You slash the worker ant!
You feel sick.
The worker ant bites you but does no damage.
You block the orc warrior's attack.
Unknown command.
You hit the orc warrior.
The orc warrior is almost dead.
You hit the worker ant.
You kill the worker ant!
Okawaru accepts your kill.
Your Axes skill increases to level 13!
The orc warrior hits you with a cursed -2 trident!
You die...

#######......#........
#....#......#.......#
#....#......#.......##
#....'......#.........
#....#......#.........
#....###'####.......#
##### #.....#.......##
#...............
+.....#.@.......
#....##)o.......
#....##.......##
......##.......#
........#........#
..##.....#.......## ##
#....##.......#
#.......#


You could see an orc warrior.

Vanquished Creatures
  The ghost of IHuginn the Shield-Bearer, an amateur GrFi (D:3)
  Sigmund (D:2)
  A water moccasin (D:8)
  A black bear (D:7)
  2 ice beasts
  2 sky beasts
  An orc warrior (D:7)
  The ghost of Enish the Covered, an amateur DDFi (D:3)
  A phantom (D:8)
  An ogre (D:9)
  2 centaurs
  The ghost of HoaS the Twirler, an amateur GrGl (D:3)
  6 elf zombies (Ossuary)
  3 bullfrogs (D:8)
  4 crimson imps
  A quasit (D:8)
  3 centaur zombies (Ossuary)
  2 jellies (D:6)
  3 human zombies (Ossuary)
  The ghost of IHuginn the Vexing, a weakling FeEn (D:3)
  3 orc wizards
  8 worker ants
  3 mummies (Ossuary)
  2 worker ant zombies
  10 gnolls
  12 adders
  3 river rats (D:6)
  3 shadow imps
  4 oozes
  7 worms
  6 dart slugs
  6 leopard geckos
  9 orcs
  3 ball pythons (Sewer)
  3 giant cockroaches
  5 goblins
  3 hobgoblins
  10 jackals
  9 kobolds
  4 quokkas
  8 bats
  8 frilled lizards
  2 leopard gecko skeletons (D:4)
  9 rats
  2 plants (Sewer)
180 creatures vanquished.

Vanquished Creatures (others)
  A plant (Sewer)
  A withered plant (D:6)
2 creatures vanquished.

Grand Total: 182 creatures vanquished

Notes
Turn   | Place    | Note
-------+----------+-------------------------------------------
     0 | D:1      | MisterFreud the Formicid Fighter began the quest for the
                  | Orb.
     0 | D:1      | Reached XP level 1. HP: 18/18 MP: 1/1
   204 | D:1      | Reached XP level 2. HP: 24/24 MP: 2/2
   253 | D:1      | You fall into a shaft and drop 1 floor!
   287 | D:2      | Reached skill level 3 in Axes
   322 | D:2      | Reached XP level 3. HP: 19/29 MP: 3/3
   328 | D:2      | Noticed Sigmund
   354 | D:2      | Killed Sigmund
   354 | D:2      | Reached skill level 5 in Axes
   354 | D:2      | Reached XP level 4. HP: 19/35 MP: 4/4
   354 | D:2      | Reached XP level 5. HP: 23/41 MP: 5/5
   354 | D:2      | Reached XP level 6. HP: 26/47 MP: 6/6
   650 | D:1      | Reached skill level 6 in Axes
   945 | D:2      | Found a glowing golden altar of the Shining One.
   954 | D:2      | Found a blossoming altar of Fedhas.
  1029 | D:2      | Found a glowing golden altar of the Shining One.
  1040 | D:2      | Found a hide-covered altar of Uskayaw.
  1322 | D:3      | Noticed IHuginn's ghost (weakling FeEn)
  1323 | D:3      | Found a runed translucent gate.
  1323 | D:3      | Found a runed translucent gate.
  1323 | D:3      | Noticed HoaS's ghost (amateur GrGl)
  1358 | D:3      | Found a runed translucent gate.
  1360 | D:3      | Noticed IHuginn's ghost (amateur GrFi)
  1360 | D:3      | Noticed Enish's ghost (amateur DDFi)
  1380 | D:3      | Killed IHuginn's ghost
  1380 | D:3      | Reached skill level 7 in Axes
  1380 | D:3      | Reached XP level 7. HP: 16/52 MP: 7/7
  1388 | D:3      | Killed HoaS's ghost
  1395 | D:3      | Killed Enish's ghost
  1395 | D:3      | Reached skill level 8 in Axes
  1398 | D:3      | Killed IHuginn's ghost
  1722 | D:4      | Found an iron altar of Okawaru.
  1734 | D:4      | Became a worshipper of Warmaster Okawaru
  1780 | D:4      | Found a snail-covered altar of Cheibriados.
  2019 | D:5      | Entered Level 5 of the Dungeon
  2051 | D:5      | Found a staircase to the Ecumenical Temple.
  2102 | D:5      | Found a burning altar of Makhleb.
  2159 | D:5      | Reached skill level 1 in Invocations
  2188 | D:5      | Reached XP level 8. HP: 15/58 MP: 7/9
  2235 | D:5      | Found a stormy altar of Qazlal.
  2436 | D:5      | Found a bloodstained altar of Trog.
  2559 | D:6      | Found Jonuupta's Magic Scroll Shop.
  2580 | D:6      | Bought a scroll of fog for 24 gold pieces
  2580 | D:6      | Bought a scroll of fear for 42 gold pieces
  2580 | D:6      | Bought a scroll of fog for 24 gold pieces
  2580 | D:6      | Bought a scroll of enchant weapon for 90 gold pieces
  2580 | D:6      | Bought a scroll of enchant weapon for 90 gold pieces
  2685 | D:6      | Reached skill level 9 in Axes
  2704 | D:6      | Found a basalt altar of Yredelemnul.
  2717 | D:6      | Reached * piety under Okawaru
  2828 | D:6      | HP: 2/58 [adder (3)]
  2892 | D:6      | Found a glowing drain.
  2897 | Sewer    | Entered a sewer
  3219 | D:6      | Found a runed translucent gate.
  3219 | D:6      | Found a runed translucent gate.
  3219 | D:6      | Found a runed translucent gate.
  3223 | D:6      | Noticed MajorAdolf's ghost (novice NaWn)
  3223 | D:6      | Noticed protoss039's ghost (novice DEEE)
  3464 | D:7      | Reached skill level 10 in Axes
  3464 | D:7      | Reached XP level 9. HP: 64/64 MP: 12/12
  3616 | D:7      | Found a bloodstained altar of Trog.
  3625 | D:7      | Found a sacrificial altar of Ru.
  3666 | D:7      | Found a sand-covered staircase.
  3674 | Ossuary  | Entered an ossuary
  3752 | Ossuary  | Reached ** piety under Okawaru
  3767 | Ossuary  | Reached skill level 11 in Axes
  3977 | D:7      | Found a stormy altar of Qazlal.
  4251 | D:8      | Reached skill level 12 in Axes
  4405 | D:8      | Reached XP level 10. HP: 25/70 MP: 13/13
  4681 | D:8      | Reached *** piety under Okawaru
  4879 | D:9      | Reached skill level 13 in Axes
  4879 | D:9      | Slain by an orc warrior

Illustrated notes

Levels and vault maps discovered:
D:1:      mrwooster_arrival_statue_2, layout_basic, minmay_crystal_room,
          minmay_misc_feat_rugged
D:2:      layout_basic, nicolae_overflow_hidden_temple, lemuel_statue_altar,
          uniq_sigmund
D:3:      layout_basic, gammafunk_ghost_cemetery
D:4:      layout_gridville, lemuel_doored_altar, kennysheep_slug_shrine,
          minmay_misc_feat_rows
D:5:      layout_rooms, nicolae_overflow_crystal_walls,
          minmay_temple_entry_statues_fountains, first_ration, basic_altar,
          minmay_misc_feat_four_crosses, lemuel_tele_altar
D:6:      layout_basic, kennysheep_mini_moat, lightli_sewer_entry_pipes,
          gammafunk_ghost_cemetery, serial_shops, shop_scrolls
D:7:      layout_rooms, lemuel_crystal_altar, lemuel_round_altar,
          grunt_qazlal_clouds, enter_ossuary_1, serial_rivers,
          chequers_serial_rivers_micro_b, chequers_serial_rivers_marsh,
          chequers_serial_rivers_room_a, chequers_serial_rivers_small_b
D:8:      layout_basic
D:9:      layout_gridville, nicolae_gozag_seed_capital

Skill      XL: |  1  2  3  4  5  6  7  8  9 10 |
---------------+-------------------------------+-----
Axes           | 3 5 7 8 10 12 13 | 13.0
Invocations    | 1 4 |  4.0
Fighting       | |  3.2
Armour         | |  3.2
Shields        | |  3.6

Action                   |  1- 3 |  4- 6 |  7- 9 | 10-12 || total
-------------------------+-------+-------+-------+-------++-------
Melee: War axe           |    68 |   109 |   596 |    82 ||   855
Invok: Heroism           |       |       |     3 |       ||     3
 Abil: Dig               |       |     3 |    17 |     6 ||    26
  Use: Potion            |       |     1 |     4 |     1 ||     6
       Scroll            |       |       |     8 |       ||     8
  Eat: Chunk             |       |     2 |    10 |     2 ||    14
       Ration            |       |       |     1 |       ||     1
Armor: Scale mail        |    23 |    30 |   133 |    28 ||   214
Dodge: Dodged            |    28 |    62 |   160 |    22 ||   272
Block: Kite shield       |    45 |    58 |   227 |    30 ||   360
